 Dungeon Crawl Stone Soup version 0.13.1-28-g3517093 (console) character file.

10396 Russie the Severer (level 11, -1/96 HPs)
             Began as a Hill Orc Berserker on Mar 10, 2014.
             Was a High Priest of Trog.
             Killed from afar by Josephine (8 damage)
             ... with a bolt of cold
             ... on Level 10 of the Dungeon.
             The game lasted 01:04:54 (5544 turns).

Russie the Severer (Hill Orc Berserker)             Turns: 5544, Time: 01:04:55

HP  -1/96        AC 19     Str 21      XL: 11   Next: 48%
MP   3/3         EV  6     Int  7      God: Trog [*****.]
Gold 811         SH  0     Dex 17      Spells:  0 memorised, 10 levels left

Res.Fire  : + . .   See Invis. : .   i - +2,+3 orc battleaxe (antimagic)
Res.Cold  : . . .   Warding    : .   d - +0 orc plate armour
Life Prot.: . . .   Conserve   : .   (no shield)
Res.Poison: .       Res.Corr.  : .   x - +0 helmet (curse)
Res.Elec. : .       Clarity    : .   (no cloak)
Sust.Abil.: . .     Spirit.Shd : .   (no gloves)
Res.Mut.  : +       Stasis     : .   L - +0 pair of boots
Res.Rott. : .       Flight     : .   l - amulet of resist mutation
Saprovore : + . .                    f - ring of protection from fire
                                     O - +4 ring of dexterity

@: drained, somewhat resistant to hostile enchantments, extremely unstealthy
A: saprovore 1, AC +2
a: Burn Spellbooks, Berserk, Trog's Hand, Brothers in Arms, Renounce Religion


You were on level 10 of the Dungeon.
You worshipped Trog.
Trog was extremely pleased with you.
You were hungry.

You visited 2 branches of the dungeon, and saw 14 of its levels.

You collected 976 gold pieces.
You spent 185 gold pieces at shops.

Inventory:

Hand weapons
 i - a +2,+3 orcish anti-magic battleaxe (weapon)
 o - a +1,+1 orcish war axe of venom
 s - a +1,+3 orcish war axe
 t - a +0 orcish blowgun
 D - a +0 blowgun
 E - a +0,+0 short sword of draining
Missiles
 q - 13 curare-tipped needles
Armour
 d - a +0 orcish plate armour (worn)
 n - a +0 orcish plate armour
 x - a cursed +0 helmet (worn)
 C - a +2 orcish plate armour
 L - a +0 pair of boots (worn)
Magical devices
 H - a wand of digging (17)
 K - a wand of cold (0)
 P - a wand of confusion (5)
Comestibles
 c - a bread ration
 A - 3 meat rations
 J - 6 cheeses
Scrolls
 a - a scroll of teleportation {unknown}
 e - a scroll of blinking
 h - 4 scrolls of remove curse
 u - a scroll of curse weapon {unknown}
 y - a scroll of recharging {unknown}
 M - a scroll of fear
 N - 2 scrolls of enchant armour {unknown}
Jewellery
 f - a ring of protection from fire (right hand)
 g - an uncursed amulet of rage {unknown}
 j - an uncursed ring of sustain abilities {unknown}
 k - a +2 ring of intelligence
 l - an amulet of resist mutation (around neck)
 I - an uncursed amulet of resist corrosion {unknown}
 O - a +4 ring of dexterity (left hand)
Potions
 b - a potion of speed {unknown}
 m - a potion of brilliance {unknown}
 w - a potion of flight {unknown}
 G - 4 potions of curing


   Skills:
 + Level 11.1(10.6) Fighting
 * Level 15.9(15.3) Axes
 + Level 9.6(9.1) Armour
 - Level 1.5(1.1) Dodging


You had 10 spell levels left.
You didn't know any spells.

Dungeon Overview and Level Annotations

Branches:
Dungeon (11/27)            Temple (0/1) D:5             Orc (3/4) D:7
    Elf (0/3) Orc:3
   Lair: D:8-13

Altars:
Cheibriados
Fedhas
Makhleb
Nemelex Xobeh
Xom

Shops:
D:4 ?   D:7 =   D:8 ?

Annotations:
D:10 Josephine


Innate Abilities, Weirdness & Mutations

You can tolerate rotten meat.
You are partially covered in thin metallic scales (AC +2).


Message History

The giant frog zombie hits you.
* * * LOW HITPOINT WARNING * * *
Josephine gestures at you while chanting.
The bolt of cold hits the giant frog zombie.
The giant frog zombie resists.
The bolt of cold hits you!
* * * LOW HITPOINT WARNING * * *
You finish eating.
Mmm...Mozzarella.
Unknown command.
Unknown command.
Drink which item? (? for menu, Esc to quit)
Okay, then.
Unknown command.
A goliath beetle comes into view.
You are feeling hungry.
The goliath beetle twitches its antennae in your direction.
Josephine casts a spell at you.
The bolt of cold hits the giant frog zombie.
The giant frog zombie resists.
The bolt of cold hits you!
Your bubbling yellow potion freezes and shatters!
You die...

#######......#
.............#
..#..#.......#
....z....z...#
..#..#.###...#
z....Z.# #...#
######## #...#
#######@############
..)......%.z@........
........####.#######
.######## .# .# .. .#
.# B# .


You could see Josephine, a goliath beetle and a giant frog zombie.

Vanquished Creatures
  A hydra (D:8)
  The ghost of Abraham the Cleaver, an experienced MiBe of Trog (D:9)
  The ghost of matti1234 the Spear-Bearer, an experienced MfSk of Okawaru (Orc:2)
  A hill giant (D:10)
  Joseph (Orc:3)
  A troll (Orc:1)
  Sonja (D:11)
  2 hydra skeletons (D:10)
  A trapdoor spider (D:10)
  2 sharks (D:10)
  2 yaks (D:8)
  A hippogriff (D:9)
  Grum (D:11)
  A wolf (D:11)
  A necrophage (D:7)
  3 phantoms
  2 ice beasts
  A giant goldfish (D:10)
  11 orc warriors
  A sky beast (D:5)
  4 ogres
  3 big kobolds (D:8)
  A warg (Orc:2)
  A giant frog (D:5)
  3 jellyfish (D:10)
  A yak zombie (D:7)
  3 electric eels (D:10)
  A quasit (D:10)
  5 crimson imps
  21 orc priests
  2 hounds (D:10)
  2 big fish (D:10)
  A scorpion (D:9)
  11 worker ants
  10 orc wizards
  An iguana (D:9)
  A killer bee zombie (D:9)
  2 sheep (D:8)
  A crocodile skeleton (D:9)
  An ogre skeleton (D:5)
  A killer bee simulacrum (D:10)
  An inept item mimic (D:4)
  5 adders
  A giant mite (D:9)
  2 worms (D:5)
  2 giant eyeballs
  4 giant geckos
  104 orcs
  A ball python (D:2)
  7 bats
  2 bat skeletons
  A bat zombie (D:5)
  6 goblins
  7 hobgoblins
  3 jackals (D:2)
  8 kobolds
  3 giant newts
  A jackal skeleton (D:7)
  An orc skeleton (D:4)
  3 rats
  2 ballistomycetes (D:10)
276 creatures vanquished.

Vanquished Creatures (collateral kills)
  A wolf (D:11)
  2 orc warriors (Orc:3)
3 creatures vanquished.

Vanquished Creatures (others)
  A two-headed ogre (D:11)
  An ogre (Orc:3)
  A giant newt (D:10)
  A giant spore (D:10)
4 creatures vanquished.

Grand Total: 283 creatures vanquished

Notes
Turn   | Place    | Note
--------------------------------------------------------------
     0 | D:1      | Russie, the Hill Orc Berserker, began the quest for the Orb.
     0 | D:1      | Reached XP level 1. HP: 19/19 MP: 0/0
   108 | D:1      | Reached XP level 2. HP: 8/26 MP: 1/1
   233 | D:2      | Acquired Trog's second power
   385 | D:3      | Reached XP level 3. HP: 18/33 MP: 2/2
   433 | D:4      | Found Psanuinu's Magic Scroll Boutique.
   440 | D:4      | Bought a scroll of identify for 20 gold pieces
   549 | D:4      | Reached skill level 5 in Axes
   565 | D:3      | Noticed a phantom
   631 | D:4      | Reached XP level 4. HP: 18/40 MP: 3/3
   710 | D:4      | Bought a scroll of blinking for 55 gold pieces
   733 | D:5      | Entered Level 5 of the Dungeon
   747 | D:5      | Found a sparkling altar of Nemelex Xobeh.
   750 | D:5      | Noticed a sky beast
   770 | D:5      | Killed a sky beast
   770 | D:5      | Reached skill level 6 in Axes
   770 | D:5      | Reached XP level 5. HP: 40/47 MP: 4/4
   778 | D:5      | Gained mutation: You are partially covered in thin metallic scales (AC +2). [mutagenic meat]
   831 | D:5      | Found a staircase to the Ecumenical Temple.
   842 | D:5      | Reached skill level 5 in Fighting
   887 | D:5      | Reached XP level 6. HP: 28/53 MP: 5/5
   909 | D:4      | Reached skill level 7 in Axes
   956 | D:5      | Noticed a phantom
  1008 | D:5      | Killed a phantom
  1010 | D:5      | Reached XP level 7. HP: 29/60 MP: 6/6
  1068 | D:5      | Noticed an ice beast
  1078 | D:5      | Killed an ice beast
  1078 | D:5      | Reached skill level 8 in Axes
  1210 | D:5      | Noticed a giant frog
  1220 | D:5      | Killed a giant frog
  1321 | D:7      | Found Wumaqauqa's Jewellery Shop.
  1391 | D:7      | Reached skill level 9 in Axes
  1425 | D:7      | HP: 2/61 [orc/orcish dagger (5)]
  1428 | D:7      | Reached XP level 8. HP: 2/69 MP: 7/7
  1466 | D:7      | Found a staircase to the Orcish Mines.
  1487 | D:7      | Reached skill level 5 in Armour
  1612 | D:9      | Found a burning altar of Makhleb.
  1612 | D:9      | Noticed Abraham's ghost (experienced MiBe)
  1636 | D:9      | Killed Abraham's ghost
  1636 | D:9      | Reached skill level 11 in Axes
  1636 | D:9      | Reached XP level 9. HP: 35/77 MP: 8/8
  1872 | D:9      | Acquired Trog's third power
  1970 | D:10     | Entered Level 10 of the Dungeon
  1999 | D:9      | Found a snail-covered altar of Cheibriados.
  2076 | D:11     | Noticed Grum
  2092 | D:11     | Killed Grum
  2097 | D:11     | Reached skill level 12 in Axes
  2242 | D:11     | Noticed Sonja
  2357 | D:11     | Killed Sonja
  2629 | D:8      | Found a blossoming altar of Fedhas.
  2655 | D:8      | Paralysed by a giant eyeball for 4 turns
  2849 | D:8      | Reached skill level 13 in Axes
  2849 | D:8      | Reached XP level 10. HP: 86/86 MP: 9/9
  2918 | D:8      | Noticed a three-headed hydra
  3335 | Orc:1    | Entered Level 1 of the Orcish Mines
  3458 | Orc:1    | Found a shimmering altar of Xom.
  3746 | Orc:3    | scroll VURECO destroyed
  3858 | Orc:2    | Reached skill level 14 in Axes
  3999 | Orc:2    | Noticed matti1234's ghost (experienced MfSk)
  4015 | Orc:2    | Killed matti1234's ghost
  4066 | Orc:2    | Reached skill level 10 in Fighting
  4105 | Orc:3    | Found a staircase to the Elven Halls.
  4351 | Orc:3    | Noticed Joseph
  4365 | Orc:3    | Killed Joseph
  4382 | Orc:3    | Reached XP level 11. HP: 91/95 MP: 10/10
  4415 | Orc:3    | Reached skill level 15 in Axes
  4472 | Orc:3    | Received a gift from Trog
  4504 | Orc:3    | Noticed an orc knight
  4824 | D:8      | Found Masuhas' Magic Scroll Shoppe.
  4827 | D:8      | Bought a scroll of remove curse for 33 gold pieces
  4827 | D:8      | Bought a scroll of curse armour for 22 gold pieces
  4827 | D:8      | Bought a scroll of identify for 22 gold pieces
  4827 | D:8      | Bought a scroll of curse jewellery for 22 gold pieces
  4827 | D:8      | Bought a scroll of random uselessness for 11 gold pieces
  4906 | D:8      | Killed a five-headed hydra
  5204 | D:10     | Noticed a hill giant
  5227 | D:10     | Killed a hill giant
  5525 | D:10     | Noticed Josephine
  5544 | D:10     | Killed from afar by Josephine

Action                   |  1- 3 |  4- 6 |  7- 9 | 10-12 || total
-------------------------+-------+-------+-------+-------++-------
Melee: Hand axe          |    96 |   105 |    98 |       ||   299
       War axe           |       |       |   259 |   315 ||   574
       Short sword       |       |       |       |    15 ||    15
       Battleaxe         |       |       |       |    90 ||    90
 Fire: Blowgun           |       |       |       |     3 ||     3
Invok: Berserk           |     2 |     2 |     9 |    13 ||    26
       Trog's Hand       |       |     3 |    12 |    15 ||    30
       Brothers in Arms  |       |       |     1 |     1 ||     2
Evoke: Wand              |       |       |     9 |    21 ||    30
  Use: Scroll            |     1 |       |     1 |     5 ||     7
       Potion            |       |     1 |     1 |     1 ||     3
 Stab: Paralysed         |       |       |     7 |    10 ||    17
